 Dungeon Crawl Stone Soup version 0.29-a0-474-gdfe5cd140f (webtiles) character file.

Game seed: 717246643058885654

4 Linklo the Magician (level 1, 15/15 HPs)
             Began as a Djinni Fire Elementalist on May 23, 2022.
             Quit the game on level 1 of the Dungeon.
             The game lasted 00:03:22 (426 turns).

Linklo the Magician (Djinni Fire Elementalist)       Turns: 426, Time: 00:03:23

Health: 15/15      AC:  2    Str:  7    XL:     1   Next: 77%
Gold:   33         EV: 12    Int: 16    God:
                   SH:  0    Dex: 13

rFire   + + .      SeeInvis .   (no weapon)
rCold   x . .      Faith    .   (no shield)
rNeg    . . .      Spirit   .   a - +0 robe
rPois   ∞          Reflect  .   (no helmet)
rElec   .          Harm     .   (no cloak)
rCorr   .          Rampage  .   (no gloves)
Will    .....                   (boots unavailable)
Stlth   ++........              (no amulet)
HPRegen 0.05/turn               c - ring of wizardry
MPRegen 0.00/turn               (no ring)

@: flying
A: sickness immunity, fire resistance 2, cold vulnerability 1, float, innate
caster, HP casting, extra vitality 1
a: no special abilities


You were on level 1 of the Dungeon.
You visited 1 branch of the dungeon, and saw 1 of its levels.

You collected 33 gold pieces.

Inventory:

Armour
 a - a +0 robe (worn)
Jewellery
 c - a ring of wizardry (left hand)
Scrolls
 d - 2 scrolls of identify {unknown}
Potions
 b - 2 potions of lignification {unknown}
 e - a potion of haste {unknown}
 f - a potion of curing {unknown}
 g - a potion of heal wounds {unknown}
 h - a potion of mutation {unknown}


   Skills:
 + Level 2.2 Dodging
 + Level 1.6 Stealth
 + Level 2.6 Spellcasting


You couldn't memorise any spells.
You knew the following spells:

 Your Spells              Type           Power      Damage    Failure   Level
a - Foxfire               Conj/Fire      40%        2x1d6     2%          1
b - Scorch                Fire           20%        2d6       4%          2
c - Conjure Flame         Conj/Fire      10%        6-21      9%          3
d - Inner Flame           Hex/Fire       10%        N/A       9%          3
e - Flame Wave            Conj/Fire      10%        2d5       26%         4
Your spell library was empty.

Dungeon Overview and Level Annotations

Branches:
Dungeon (1/15)

Altars:


Innate Abilities, Weirdness & Mutations

You are immune to sickness and miasma.
You are immune to poison.
Your flesh is very heat resistant. (rF++)
You are vulnerable to cold. (rC-)
You float through the air rather than walking.
You learn spells naturally, not from books.
Your magical power is your life essence.
You have superior vitality. (+4 MHP)


Message History

[Y]es or [N]o only, please.
Really fly into that dispersal trap? [Y]es or [N]o only, please.
Really fly into that dispersal trap?
You enter a dispersal trap!
The dart slug blinks!
You blink.
You conjure some foxfire!
The foxfire hits the dart slug.
The dart slug is heavily wounded.
The foxfire hits the dart slug.
The dart slug is almost dead.
The dart slug completely misses you.
You hit the dart slug.
You kill the dart slug!
You see here a dart slug corpse.
Things that are here:
a +0 club; 4 stones; a kobold corpse
e - a bubbling dark potion You reach down and open the door.
There is an open door here.
f - a metallic silvery potion You reach down and open the door.
There is an open door here.
You now have 33 gold pieces (gained 9).
There is an open door here.
d - 2 scrolls labelled YNAMOA UDWU (gained 1)
A rat comes into view.
g - a sedimented golden potion You reach down and open the door.
There is an open door here.
Found a stone staircase leading down.
A bat comes into view.
You conjure some foxfire!
The bat hits you but does no damage. x2
A bat is nearby!
The foxfire hits the bat.
The bat is severely wounded.
The foxfire hits the bat.
You kill the bat!
Found an amethyst potion.
h - an amethyst potion Are you sure you want to abandon this character and quit the game? (Confirm with "yes".)

#.# #.# #.# #.#
#.# #.#########
#.# #.........#
#.#
##########.##
#.# #...#....#.#
#.#.#
#.<.#.#..#.#
#r#.#
###...#.#.##.#
#.#.#
#...@.#......#
#.#.#
#.>...#.########
# #.#.#
#.....#.# #...#
# #.#.#
###)..#.# #.#.#
####.#.# #.....#
#.#.# ##^....#
#.....# #.#.#
##.#.### #.....#
#.#.# ##.#.#
#.♣...# #.#.#
##.#.# #.♣.#.#
#.#.#


There were no monsters in sight!

Vanquished Creatures
  A dart slug (D:1)
  A kobold (D:1)
  A bat (D:1)
3 creatures vanquished.

Vanquished Creatures (others)
  8 foxfires (D:1)
8 creatures vanquished.

Grand Total: 11 creatures vanquished

Notes
Turn   | Place    | Note
-------+----------+-------------------------------------------
     0 | D:1      | Linklo the Djinni Fire Elementalist began the quest for the
                  | Orb.
     0 | D:1      | Reached XP level 1. HP: 15/15 MP: 0/0
   426 | D:1      | Quit the game

Illustrated notes

Levels and vault maps discovered:
D:1:      amcnicky_arrival_blooded_trapdoor, layout_basic

Action                   || total
-------------------------++-------
Melee: Unarmed           ||     1
 Cast: Foxfire           ||     5
Armor: Robe              ||     3
Dodge: Dodged            ||     2

Table legend: (Time is in decaauts)
 A = Elapsed time spent in this place.
 B = Non-inter-level travel time spent in this place.
 C = Inter-level travel time spent in this place.
 D = Time resting spent in this place.
 E = Time spent auto-exploring this place.
 F = Levels seen in this place.
 G = Mean time per level.
                   A        B        C        D        E       F      G
               +--------+--------+--------+--------+--------+-----+--------+
         Total |    425 |    177 |    248 |      0 |    141 |   1 |  425.0 |
       Dungeon |    425 |    177 |    248 |      0 |    141 |   1 |  425.0 |
               +--------+--------+--------+--------+--------+-----+--------+

Top non-repeatable levels by time:
     D:1: 425 daAuts
